 Dungeon Crawl Stone Soup version 0.24-a0-7-g1bb0902 (webtiles) character file.

Game seed: 3210145886975908795

41189 poirepourri the Peltast (level 14, -12/101 HPs)
             Began as a Gargoyle Fighter on Jan 30, 2019.
             Was the Champion of Cheibriados.
             Mangled by a titanic slime creature (62 damage)
             ... on level 13 of the Dungeon.
             The game lasted 00:16:02 (12640 turns).

poirepourri the Peltast (Gargoyle Fighter)         Turns: 12640, Time: 00:16:02

Health: -12/101    AC: 29    Str: 37    XL:     14   Next: 14%
Magic:  0/14       EV: 20    Int: 25    God:    Cheibriados [******]
Gold:   217        SH: 19    Dex: 32    Spells: 13/13 levels left

rFire    . . .     SeeInvis +   a - +2 flail
rCold    . . .     Gourm    .   c - +2 shield
rNeg     + + +     Faith    .   p - +1 chain mail {rN+}
rPois    ∞         Spirit   +   t - +2 helmet {SInv}
rElec    +         Reflect  .   D - scarf {Spirit}
rCorr    .         Harm     .   z - +0 pair of gloves
MR       +....                  (no boots)
Stlth    ..........             r - amulet of Vitality {Regen+ HP+15}
HPRegen  0.66/turn              H - ring "Ynoneoqa" {*Slow rN++ AC+4 Int+2 Dex+4}
MPRegen  0.14/turn              x - ring of see invisible

@: very slow
A: big wings, negative energy resistance 1, electricity resistance, unbreathing,
petrification resistance, rot immunity, AC +10
a: Fly, Bend Time, Temporal Distortion, Slouch, Step From Time, Renounce
Religion


You were on level 13 of the Dungeon.
You worshipped Cheibriados.
Cheibriados was exalted by your worship.
You were very hungry.

You visited 2 branches of the dungeon, and saw 14 of its levels.

You collected 736 gold pieces.
You spent 519 gold pieces at shops.

Inventory:

Hand Weapons
 a - a +2 flail (weapon)
 b - a +0 hand crossbow
Missiles
 e - 19 tomahawks
 k - 30 bolts
 v - 5 javelins (quivered)
 A - 6 throwing nets
Armour
 c - a +2 shield (worn)
 g - a +2 cloak
 p - a +1 chain mail of positive energy (worn)
 t - a +2 helmet of see invisible (worn)
 z - a +0 pair of gloves (worn)
 D - a scarf of spirit shield (worn)
Jewellery
 m - an uncursed amulet of the gourmand
 r - the amulet of Vitality (around neck) {Regen+ HP+15}
   (You found it on level 4 of the Dungeon)

   [amulet of regeneration]

   It affects your health (+15).
   It increases your rate of regeneration.
 x - a ring of see invisible (right hand)
 H - the ring "Ynoneoqa" (left hand) {*Slow rN++ AC+4 Int+2 Dex+4}
   (You found it on level 7 of the Dungeon)

   [ring of protection]

   It affects your AC (+4).
   It affects your intelligence (+2).
   It affects your dexterity (+4).
   It greatly protects you from negative energy.
   It may slow you when you take damage.
Wands
 s - a wand of polymorph (6)
 u - a wand of paralysis (24)
 w - a wand of disintegration (14)
 y - a wand of digging (4)
 F - a wand of iceblast (6)
Scrolls
 j - 5 scrolls of magic mapping
 l - 6 scrolls of remove curse
Potions
 d - 4 potions of flight
 i - 2 potions of magic
 o - 2 potions of mutation
 q - a potion of curing
Comestibles
 f - 13 rations


   Skills:
 - Level 9.1 Fighting
 + Level 12.3 Maces & Flails
 - Level 5.2 Armour
 - Level 10.0 Dodging
 - Level 15.0 Shields


You had 13 spell levels left.
You didn't know any spells.
Your spell library contained the following spells:

 Spells                   Type           Power        Failure   Level  Hunger
 Apportation              Tloc           #.....       43%         1    ##.....
 Corona                   Hex            #......      43%         1    ##.....
 Flame Tongue             Conj/Fire      #....        43%         1    ##.....
 Summon Butterflies       Summ           #.......     43%         1    ##.....
 Ensorcelled Hibernation  Hex/Ice        #.....       58%         2    ###....
 Passwall                 Tmut/Erth      #.......     58%         2    ###....
 Swiftness                Chrm/Air       #.......     58%         2    ###....
 Throw Flame              Conj/Fire      #.....       58%         2    ###....
 Confuse                  Hex            #.......     82%         3    ####...
 Conjure Flame            Conj/Fire      #.......     82%         3    ####...
 Dazzling Spray           Conj/Hex       #.....       82%         3    ####...
 Inner Flame              Hex/Fire       #.......     82%         3    ####...
 Lesser Beckoning         Tloc           #.........   82%         3    ####...
 Summon Guardian Golem    Hex/Summ       #.......     82%         3    ####...
 Tukima's Dance           Hex            #.......     82%         3    ####...
 Passage of Golubria      Tloc           N/A          99%         4    #####..
 Petrify                  Tmut/Erth      #.......     99%         4    #####..
 Sticky Flame             Conj/Fire      #.......     99%         4    #####..
 Alistair's Intoxication  Tmut/Pois      #.......     100%        5    ######.
 Fireball                 Conj/Fire      #.........   100%        5    ######.
 Lee's Rapid Deconstruct  Erth           #.........   100%        5    ######.
 Darkness                 Hex            #.........   100%        6    #######
 Invisibility             Hex            #.......     100%        6    #######


Dungeon Overview and Level Annotations

Branches:
Dungeon (13/15)            Temple (1/1) D:5            Lair (0/6) D:11
    Orc (0/2) D:12
 Vaults: D:13-14

Altars:
Ashenzari
Cheibriados
Dithmenos
Elyvilon
Fedhas
Gozag
Hepliaklqana
Kikubaaqudgha
Makhleb
Nemelex Xobeh
Okawaru
Qazlal
Ru
Sif Muna
Trog
Uskayaw
Vehumet
Wu Jian
Xom
Yredelemnul
Zin
The Shining One

Shops:
D:9 ?   D:12 [

Annotations:
D:3 2 runed translucent doors, Lanoc's ghost, amateur MiCK
D:11 3 runed translucent doors, George's ghost, journeyman MiFi


Innate Abilities, Weirdness & Mutations

You are resistant to torment.
Your stone body is resilient. (AC +10)
You are immune to poison.
Your large and strong wings let you fly indefinitely.
You resist negative energy. (rN+)
You are resistant to electric shocks. (rElec)
You can survive without breathing.
You are immune to petrification.
You are immune to rotting.


Message History

The titanic slime creature hits you!
You sock the titanic slime creature!
The titanic slime creature is severely wounded.
You block the titanic slime creature's attack.
You sock the titanic slime creature!
The titanic slime creature is severely wounded.
You barely miss the titanic slime creature.
The titanic slime creature is severely wounded.
You block the titanic slime creature's attack.
You bludgeon the titanic slime creature!!
The titanic slime creature is almost dead.
The titanic slime creature hits you but does no damage.
You hit the titanic slime creature.
The titanic slime creature is almost dead.
You block the titanic slime creature's attack.
Your chain mail prevents you from hitting the titanic slime creature.
The titanic slime creature is almost dead.
The titanic slime creature hits you!!!
Ouch! That really hurt!
You die...

#.# #..........# #.#. #.#
#..........#######...
###.###....................
#.....................##.∩.
#.###(###############)##...
#.#).#..# #..###.# #.##...
#.#[.##.### #.#...###..#.##
#.###.#.#.###.†..#(.#..#.##
#.#.##..##@J#.###...#..#.##
#.#.....####J.# #)###.)..##
#.###'### #'#####'# #......
#.#.....##=J[##...# #.##...
#.....#??.)(#...###.##...
#.#.#.#}...!#.#...#.##.##
#.....#[).[?#.##..#.##.##
#.....##$$)##[†)).#......
###'###########'###......


You could see a titanic slime creature and a slime creature.

Vanquished Creatures
  Snorg (D:11)
  A hydra (D:12)
  4 centaur warriors
  3 two-headed ogres
  A queen ant (D:11)
  Urug (D:11)
  4 skeletal warriors
  A cyclops (D:12)
  A manticore (D:12)
  4 ugly things
  Psyche (D:11)
  2 kobold demonologists
  A komodo dragon (D:9)
  A tengu conjurer (D:13)
  4 trolls
  A merfolk (D:11)
  A hornet (D:11)
  6 slime creatures (D:10)
  A hippogriff (D:8)
  A shadow (D:13)
  2 wyverns
  2 wraiths
  7 basilisks
  Grum (D:9)
  2 vampire mosquitoes (D:13)
  12 yaks
  A warg (D:12)
  20 soldier ants (D:11)
  A soldier ant (shapeshifter) (D:13)
  3 porcupines (D:11)
  2 water moccasins
  5 orc warriors
  A black bear (D:11)
  An ice beast (D:10)
  4 sky beasts
  6 ogres
  3 phantoms
  A necrophage (D:6)
  3 wolves
  15 centaurs
  A crocodile (D:11)
  3 big kobolds
  Blork the orc (D:6)
  6 bullfrogs
  A wyvern zombie (D:10)
  4 gnoll sergeants
  A water moccasin zombie (D:10)
  3 scorpions
  A wyvern skeleton (D:11)
  7 killer bees
  5 wights (D:7)
  A bullfrog zombie (D:11)
  7 crimson imps
  3 centaur zombies
  10 hounds
  A jelly (D:8)
  7 orc priests
  11 orc wizards
  A centaur skeleton (D:11)
  4 gnoll shamans
  A bullfrog skeleton (D:4)
  Jessica (D:3)
  An iguana (D:4)
  28 worker ants
  Terence (D:3)
  2 hound zombies (D:6)
  A worker ant zombie (D:9)
  42 gnolls
  15 adders
  4 shadow imps
  An ooze (D:4)
  3 adder skeletons
  A worm (D:2)
  A dart slug (D:2)
  8 leopard geckos
  37 orcs
  8 bats
  4 giant cockroaches
  7 goblins
  10 hobgoblins
  14 jackals
  18 kobolds
  3 quokkas
  4 frilled lizards
  2 jackal skeletons
  A quokka zombie (D:7)
  6 rats
  A spectral orc (D:7)
435 creatures vanquished.

Vanquished Creatures (others)
  A human (D:4)
  A kobold (D:9)
  A bush (D:11)
  3 fungi (D:11)
  25 plants (D:11)
31 creatures vanquished.

Grand Total: 466 creatures vanquished

Notes
Turn   | Place    | Note
-------+----------+-------------------------------------------
     0 | D:1      | poirepourri the Gargoyle Fighter began the quest for the
                  | Orb.
     0 | D:1      | Reached XP level 1. HP: 14/14 MP: 1/1
   124 | D:1      | Reached XP level 2. HP: 19/19 MP: 2/2
   424 | D:2      | Reached XP level 3. HP: 14/23 MP: 3/3
   845 | D:2      | Reached XP level 4. HP: 28/28 MP: 4/4
  1195 | D:3      | Noticed Terence
  1206 | D:3      | Killed Terence
  1270 | D:3      | Reached skill level 5 in Maces & Flails
  1270 | D:3      | Reached XP level 5. HP: 32/32 MP: 5/5
  1274 | D:3      | Noticed Jessica
  1279 | D:3      | Killed Jessica
  1319 | D:3      | Found a large runed translucent door.
  1319 | D:3      | Found a large runed translucent door.
  1653 | D:3      | Reached XP level 6. HP: 37/37 MP: 6/6
  1681 | D:3      | Noticed Lanoc's ghost (amateur MiCK)
  2177 | D:4      | Found the amulet of Vitality {Regen+ HP+15}
  2461 | D:4      | Noticed a phantom
  2484 | D:4      | Killed a phantom
  2796 | D:4      | Reached XP level 7. HP: 41/41 MP: 7/7
  3347 | D:4      | Found a snail-covered altar of Cheibriados.
  3770 | D:4      | Found an ancient bone altar of Kikubaaqudgha.
  3771 | D:4      | Noticed a human
  3775 | D:4      | Killed a human
  4141 | D:5      | Entered Level 5 of the Dungeon
  4141 | D:5      | Found a staircase to the Ecumenical Temple.
  4391 | D:5      | Found a white marble altar of Elyvilon.
  4554 | D:5      | Reached skill level 5 in Fighting
  4972 | D:6      | Reached XP level 8. HP: 43/50 MP: 8/8
  5254 | Temple   | Entered the Ecumenical Temple
  5445 | D:4      | Became a worshipper of Cheibriados the Contemplative
  5496 | D:6      | Found a glowing silver altar of Zin.
  5496 | D:6      | Noticed Blork the orc
  5505 | D:6      | Killed Blork the orc
  5749 | D:6      | Reached * piety under Cheibriados
  5882 | D:6      | Found a blossoming altar of Fedhas.
  6005 | D:6      | Reached skill level 4 in Shields
  6005 | D:6      | Reached XP level 9. HP: 60/60 MP: 9/9
  6055 | D:6      | Reached ** piety under Cheibriados
  6195 | D:7      | Reached skill level 5 in Shields
  6251 | D:7      | Reached skill level 6 in Shields
  6461 | D:7      | Reached *** piety under Cheibriados
  6482 | D:7      | Reached skill level 7 in Shields
  6490 | D:7      | Found an ornate altar of the Wu Jian Council.
  6616 | D:7      | Got an ancient silver ring
  6690 | D:7      | Found a basalt altar of Yredelemnul.
  6899 | D:8      | Reached skill level 8 in Shields
  6964 | D:8      | Identified the ring "Ynoneoqa" {*Slow rN++ AC+4 Int+2
                  | Dex+4} (You found it on level 7 of the Dungeon)
  7055 | D:8      | Reached skill level 9 in Shields
  7072 | D:8      | Reached XP level 10. HP: 61/66 MP: 10/10
  7117 | D:8      | Found a shimmering altar of Xom.
  7117 | D:8      | Found a shimmering altar of Xom.
  7117 | D:8      | Found a shimmering altar of Xom.
  7118 | D:8      | Found a shimmering altar of Xom.
  7119 | D:8      | Found a shimmering altar of Xom.
  7150 | D:8      | Reached skill level 10 in Shields
  7509 | D:9      | Reached **** piety under Cheibriados
  7785 | D:9      | Noticed Grum
  7796 | D:9      | Killed Grum
  7796 | D:9      | Reached skill level 11 in Shields
  7890 | D:9      | Found Boqo's Magic Scroll Emporium.
  7899 | D:9      | Bought a scroll of enchant weapon for 120 gold pieces
  7899 | D:9      | Bought a scroll of enchant armour for 120 gold pieces
  8057 | D:10     | Entered Level 10 of the Dungeon
  8084 | D:10     | Identified Seudimp's Volume of Fetching Shape Shifting
  8132 | D:10     | Reached ***** piety under Cheibriados
  8143 | D:10     | Reached skill level 12 in Shields
  8185 | D:10     | Noticed a kobold demonologist
  8195 | D:10     | Killed a kobold demonologist
  8249 | D:10     | Found an ornate altar of the Wu Jian Council.
  8362 | D:10     | Reached skill level 13 in Shields
  8397 | D:10     | Reached XP level 11. HP: 37/71 MP: 1/11
  8706 | D:10     | Reached skill level 14 in Shields
  8769 | D:11     | Noticed Urug
  8770 | D:11     | Noticed a white ugly thing
  8793 | D:10     | Killed a white ugly thing
  9038 | D:11     | Noticed a queen ant
  9064 | D:11     | Killed a queen ant
  9193 | D:11     | Reached skill level 15 in Shields
  9229 | D:11     | Reached ****** piety under Cheibriados
  9304 | D:11     | Noticed Snorg
  9312 | D:11     | Reached skill level 5 in Armour
  9335 | D:11     | Found a staircase to the Lair.
  9335 | D:11     | Noticed a skeletal warrior
  9336 | D:11     | Noticed a skeletal warrior
  9337 | D:11     | Noticed a skeletal warrior
  9341 | D:11     | Reached skill level 1 in Dodging
  9473 | D:11     | Killed Snorg
  9600 | D:11     | Noticed a skeletal warrior
  9767 | D:11     | Noticed George's ghost (journeyman MiFi)
  9779 | D:11     | Found a runed translucent gate.
  9779 | D:11     | Found a runed translucent gate.
  9779 | D:11     | Found a runed translucent gate.
  9780 | D:11     | Noticed a minotaur
  9805 | D:11     | Reached XP level 12. HP: 76/76 MP: 12/12
  9950 | D:11     | Killed Urug
 10000 | D:11     | Reached skill level 5 in Dodging
 10009 | D:11     | Reached XP level 13. HP: 67/80 MP: 5/13
 10963 | D:11     | Noticed Psyche
 10979 | D:11     | Killed Psyche
 11400 | D:12     | Found Cujejoasm's Armour Shoppe.
 11408 | D:12     | Bought a +2 helmet of see invisible for 279 gold pieces
 11769 | D:12     | Found a staircase to the Orcish Mines.
 12317 | D:13     | Reached skill level 10 in Dodging
 12382 | D:13     | Gained mutation: Your large and strong wings let you fly
                  | indefinitely. [Gargoyle growth]
 12382 | D:13     | Reached XP level 14. HP: 86/86 MP: 12/14
 12405 | D:13     | Found a gate leading to a gauntlet.
 12640 | D:13     | Mangled by a titanic slime creature

Vault maps used:
D:1:      ncdulo_watergridlock
D:3:      ebering_ghost_disaster_area, minmay_misc_feat_columns,
          roderic_lattice_a, uniq_jessica, uniq_terence
D:4:      lemuel_doored_altar, serial_forest, infiniplex_forest_lined_room_2,
          infiniplex_forest_corner_2, infiniplex_forest_3_way,
          infiniplex_forest_zigzag_2, infiniplex_forest_diagonal, first_ration,
          tgw_kikubaaqudgha
D:5:      kennysheep_mini, minmay_temple_entry_purple_smoke
D:6:      overflow_temple_1_default, lemuel_crystal_altar, serial_gnoll_camp,
          gnoll_camp_mini_hut, gnoll_camp_huts_basic, gnoll_camp_mini_doghouse,
          gnoll_camp_medium_01, uniq_blork_the_orc
D:7:      yredelemnul_forgotten_temple_becter, basic_altar
D:8:      xom_redecorated
D:9:      serial_shops, shop, uniq_grum
D:10:     basic_altar
D:11:     minmay_lair_entry_grove, maelrawn_ghost_gauntlet_escape,
          hangedman_fish_farm, grunt_ministairs_6, minivault_29, uniq_snorg,
          uniq_psyche, uniq_urug
D:12:     david_orc_3, serial_shops, shop, corexii_checkpoint_a
D:13:     minmay_the_grid_square_5x5_3x3, erik_vaults_2, gauntlet_entry_generic
Temple:   compressed_dpeg_circular_temple

Skill      XL: |  1  2  3  4  5  6  7  8  9 10 11 12 13 14 |
---------------+-------------------------------------------+-----
Maces & Flails | 3 4 5 6 7 8 11 12 | 12.3
Fighting       | 5 9 |  9.1
Shields        | 4 9 13 15 | 15.0
Armour         | 5 |  5.2
Dodging        | 3 5 10 | 10.0

Action                   |  1- 3 |  4- 6 |  7- 9 | 10-12 | 13-15 || total
-------------------------+-------+-------+-------+-------+-------++-------
Melee: Flail             |   111 |   250 |   587 |   685 |   646 ||  2279
Evoke: Wand              |       |       |       |     4 |       ||     4
  Use: Scroll            |     6 |     8 |    11 |    12 |     3 ||    40
       Potion            |       |     3 |       |     8 |     4 ||    15
  Eat: Ration            |       |     3 |     3 |     3 |       ||     9
Armor: Scale mail        |    74 |   125 |   373 |   258 |       ||   830
       Chain mail        |       |       |       |     6 |   144 ||   150
       Skin              |       |       |       |     2 |   124 ||   126
Dodge: Dodged            |    42 |    87 |   188 |   233 |   302 ||   852
Block: Shield            |    47 |   131 |   444 |   684 |   782 ||  2088

Table legend:
 A = Non-vault XP
 B = Vault XP
 C = Vault XP percentage of total XP
 D = Non-vault monster count
 E = Vault monster count
 F = Vault count percentage of total count
                 A         B        C        D         E       F
            +---------+---------+-------+---------+---------+-------
      Total |   29651 |   14268 |  32.5 |     319 |     115 |  26.5
            +---------+---------+-------+---------+---------+-------
        D:1 |      20 |       0 |   0.0 |      13 |       0 |   0.0
        D:2 |      71 |       0 |   0.0 |      17 |       0 |   0.0
        D:3 |     168 |      69 |  29.1 |      33 |       2 |   5.7
        D:4 |     547 |       0 |   0.0 |      29 |       0 |   0.0
        D:5 |     316 |      42 |  11.7 |      17 |       1 |   5.6
        D:6 |     317 |    1011 |  76.1 |      14 |      34 |  70.8
        D:7 |    1168 |       1 |   0.1 |      31 |       1 |   3.1
        D:8 |    1255 |       0 |   0.0 |      14 |       0 |   0.0
        D:9 |    1116 |     432 |  27.9 |      20 |       3 |  13.0
       D:10 |    6477 |       0 |   0.0 |      27 |       0 |   0.0
       D:11 |    4773 |    9442 |  66.4 |      45 |      57 |  55.9
       D:12 |    7823 |     253 |   3.1 |      34 |       8 |  19.0
       D:13 |    5600 |    3018 |  35.0 |      25 |       9 |  26.5
            +---------+---------+-------+---------+---------+-------
